 Dungeon Crawl Stone Soup version 0.30-a0-726-gd89dcf765f (webtiles) character file.

Game seed: 17209825933240004836

93 hikkokomori the Ducker (level 4, -2/35 HPs)
             Began as a Merfolk Gladiator on Jan 30, 2023.
             Slain by an orc wizard
             ... wielding a +2 dagger of flaming
              (3 damage)
             ... on level 3 of the Dungeon.
             The game lasted 00:02:15 (1479 turns).

hikkokomori the Ducker (Merfolk Gladiator)          Turns: 1479, Time: 00:02:16

Health: -2/35      AC:  8    Str: 14    XL:     4   Next: 61%
Magic:  4/4        EV: 14    Int:  9    God:
Gold:   109        SH:  0    Dex: 15    Spells: 3/3 levels left

rFire   . . .      SeeInvis .    a - +0 trident
rCold   . . .      Faith    .    (no shield)
rNeg    . . .      Spirit   .    j - +2 robe {Archmagi}
rPois   .          Reflect  .    c - +0 helmet
rElec   .          Harm     .    m - +2 cloak
rCorr   .          Rampage  .    (no gloves)
Will    .....      Archmagi +    (no boots)
Stlth   +                        (no amulet)
HPRegen 0.25/turn                (no ring)
MPRegen 0.09/turn                (no ring)

@: flying, hasted, very quick
A: (nimble swimmer 2), mertail
a: no special abilities


You were on level 3 of the Dungeon.
You visited 1 branch of the dungeon, and saw 3 of its levels.

You collected 109 gold pieces.

Inventory:

Hand Weapons
 a - a +0 trident (weapon)
Missiles
 d - 3 throwing nets (quivered)
 e - a javelin
Armour
 b - a +0 leather armour
 c - a +0 helmet (worn)
 j - a +2 robe of the Archmagi (worn)
 m - a +2 cloak (worn)
Scrolls
 f - 2 scrolls of poison {unknown}
 h - 2 scrolls of teleportation {unknown}
 i - 5 scrolls of identify {unknown}
 k - a scroll of enchant armour {unknown}


   Skills:
 + Level 3.4 Fighting
 + Level 5.1 Polearms
 - Level 2.0 Throwing
 + Level 5.2 Dodging


You had 3 spell levels left.
You didn't know any spells.
Your spell library was empty.

Dungeon Overview and Level Annotations

Branches:
Dungeon (3/15)

Altars:
Jiyva

Shops:
D:1 *

Annotations:
D:1 2 runed translucent doors
D:2 Sigmund


Innate Abilities, Weirdness & Mutations

((You are very nimble when in or above water. (Stealth+, EV+, Speed+++)))
Your lower body shifts to a powerful aquatic tail in water.


Message History

The orc is lightly wounded.
Something hits you but does no damage. The orc misses you.
You barely miss the orc.
The orc is lightly wounded.
You hear some strange, mumbled words.
You are confused.
The orc closely misses you. The orc hits you but does no damage.
It was a potion of flight.
You feel very buoyant.
You fly up into the air.
Something hits you but does no damage. The orc hits you with a +0 hand axe.
You miss something. Your punch misses something. Something hits you.
Something burns you.
* * * LOW HITPOINT WARNING * * *
The orc hits you but does no damage.
It was a potion of haste.
You feel yourself speed up. Something hits you but does no damage.
The orc hits you with a +0 hand axe.
* * * LOW HITPOINT WARNING * * *
You miss something.
You feel less confused. Something hits you but does no damage.
The orc hits you with a +0 hand axe.
* * * LOW HITPOINT WARNING * * *
You hit the orc but do no damage. Something hits you but does no damage.
The orc misses you.
You hit the orc.
The orc is moderately wounded.
You barely miss the orc.
The orc is moderately wounded.
Something hits you.
* * * LOW HITPOINT WARNING * * *
Something burns you.
* * * LOW HITPOINT WARNING * * *
The orc hits you but does no damage.
You hit the orc.
The orc is severely wounded.
An orc wizard appears from thin air!
Reactivating autopickup.
The orc wizard hits you with a +2 dagger of flaming.
You die...

. ..#### #### ...... ...
......######.########### .
#..........#.........# .
#...).o@...#.........##.
#...).o.................
##.......[..#.........##.
.............#.......<....
...........=..............
###....................#..
#............#########..
######........# ##..
#........#######...


You could see an orc wizard and an orc.

Vanquished Creatures
  4 adders
  A dart slug (D:3)
  2 orcs (D:3)
  3 endoplasms (D:1)
  2 giant cockroaches
  7 goblins
  6 hobgoblins
  3 jackals
  3 kobolds (D:1)
  A quokka (D:1)
  3 ball pythons
  5 bats
  2 frilled lizards (D:1)
  5 rats
47 creatures vanquished.

Notes
Turn   | Place    | Note
-------+----------+-------------------------------------------
     0 | D:1      | hikkokomori the Merfolk Gladiator began the quest for the
                  | Orb.
     0 | D:1      | Reached XP level 1. HP: 16/16 MP: 1/1
    43 | D:1      | Reached XP level 2. HP: 17/23 MP: 2/2
   107 | D:1      | Found a large runed translucent door.
   107 | D:1      | Found a large runed translucent door.
   107 | D:1      | Found a viscous altar of Jiyva.
   325 | D:1      | Found Dofaghat's General Store.
   744 | D:1      | Reached XP level 3. HP: 28/28 MP: 3/3
  1291 | D:2      | Reached XP level 4. HP: 33/35 MP: 4/4
  1334 | D:2      | Reached skill level 5 in Dodging
  1361 | D:2      | Noticed Sigmund
  1370 | D:3      | Reached skill level 5 in Polearms
  1478 | D:3      | HP: 1/35 [something (2)]
  1479 | D:3      | Slain by an orc wizard

Illustrated notes

Levels and vault maps discovered:
D:1:      erik_arrival_cave_to_civilisation [erik_arrival_cave_to_temple],
          layout_loops_corners, serial_shops, nicolae_shop_waterfront,
          minmay_quantized
D:2:      layout_rooms, st_stairs_10, kennysheep_generic_room_9, uniq_sigmund
D:3:      layout_basic

Skill      XL: |  1  2  3  4 |
---------------+-------------+-----
Fighting       | 3 |  3.4
Dodging        | 5 |  5.2
Polearms       | 5 |  5.1
Throwing       | |  2.0

Action                     |  1- 3 |  4- 6 || total
---------------------------+-------+-------++-------
  Melee: Trident           |   121 |    50 ||   171
         Tailslap          |     1 |       ||     1
         Punch             |       |     1 ||     1
    Use: Potion            |       |     2 ||     2
   Stab: Sleeping          |     3 |     1 ||     4
 Armour: Leather armour    |    16 |       ||    16
         Robe              |    17 |    25 ||    42
  Dodge: Dodged            |    66 |    27 ||    93

Table legend: (Time is in decaauts)
 A = Elapsed time spent in this place.
 B = Non-inter-level travel time spent in this place.
 C = Inter-level travel time spent in this place.
 D = Time resting spent in this place.
 E = Time spent auto-exploring this place.
 F = Levels seen in this place.
 G = Mean time per level.
                   A        B        C        D        E       F      G
               +--------+--------+--------+--------+--------+-----+--------+
         Total |   1486 |   1423 |     63 |     63 |   1021 |   3 |  495.3 |
       Dungeon |   1486 |   1423 |     63 |     63 |   1021 |   3 |  495.3 |
               +--------+--------+--------+--------+--------+-----+--------+

Top non-repeatable levels by time:
     D:1: 1055 daAuts
     D:2: 318 daAuts
     D:3: 112 daAuts
